 Dungeon Crawl Stone Soup version 0.28-a0-384-g9e0c098162 (webtiles) character file.

Game seed: 12433811963158873068

1136 olmar the Covert (level 8, 0/67 HPs)
             Began as a Gnoll Delver on Sept 2, 2021.
             Was a Priest of Ignis.
             Slain by an ice beast (6 damage)
             ... on level 6 of the Dungeon.
             The game lasted 00:15:34 (6994 turns).

olmar the Covert (Gnoll Delver)                     Turns: 6994, Time: 00:15:35

Health: 0/67       AC:  7    Str: 12    XL:     8   Next: 36%
Magic:  21/21      EV:  7    Int: 18    God:    Ignis [***...]
Gold:   197        SH:  0    Dex: 13    Spells: 9/13 levels left

rFire   + . .      SeeInvis .   u - staff of conjuration
rCold   . . .      Faith    .   (no shield)
rNeg    . . .      Spirit   .   b - +0 leather armour
rPois   .          Reflect  +   z - +2 helmet of Fabulous Lucidity {Slay+6}
rElec   .          Harm     .   x - +0 cloak
rCorr   .          Rampage  .   (no gloves)
Will    .....                   (no boots)
Stlth   ++++......              n - amulet of reflection
HPRegen 0.21/turn               k - +6 ring of intelligence
MPRegen 0.17/turn               y - ring of magical power

@: held
A: fangs 1, strong nose, distributed training
a: Renounce Religion, Sea of Fire, Foxfire Swarm, Rising Flame


You were on level 6 of the Dungeon.
You worshipped Ignis.
Ignis was most pleased with you.
You visited 1 branch of the dungeon, and saw 6 of its levels.

You collected 197 gold pieces.

Inventory:

Hand Weapons
 a - a +0 mace
 A - a +1 flail of protection
 E - a +2 dagger of chaos
Armour
 b - a +0 leather armour (worn)
 q - a +0 helmet
 v - a +0 ring mail of fire resistance
 x - a +0 cloak (worn)
 z - the +2 helmet of Fabulous Lucidity (worn) {Slay+6}
   (You found it on level 5 of the Dungeon)

   Slay:      It affects your accuracy & damage with ranged weapons and melee
   (+6).
Magical Staves
 u - a staff of conjuration (weapon)
Jewellery
 k - a +6 ring of intelligence (left hand)
 n - an amulet of reflection (around neck)
 s - an amulet of magic regeneration
 y - a ring of magical power (right hand)
Wands
 g - a wand of digging (3)
 C - a wand of flame (39)
Scrolls
 c - a scroll of fog
 d - 3 scrolls of magic mapping
 e - a scroll of fear
 h - a scroll of noise
 j - a scroll of enchant weapon
 m - a scroll of amnesia
 r - a scroll of vulnerability
 w - a scroll of immolation
 B - a scroll of blinking {unknown}
 D - a scroll of enchant armour {unknown}
Potions
 f - 2 potions of haste
 i - a potion of lignification
 o - 2 potions of attraction
 p - a potion of heal wounds
 t - a potion of flight


   Skills:
 + Level 7.3 Fighting
 + Level 3.2 Short Blades
 + Level 3.2 Long Blades
 + Level 3.2 Axes
 + Level 5.6 Maces & Flails
 + Level 3.2 Polearms
 + Level 3.2 Staves
 + Level 3.2 Slings
 + Level 3.2 Bows
 + Level 3.2 Crossbows
 + Level 3.2 Throwing
 + Level 3.2 Armour
 + Level 5.6 Dodging
 + Level 10.1 Stealth
 + Level 3.2 Shields
 + Level 3.2 Unarmed Combat
 + Level 3.2 Spellcasting
 + Level 2.6 Conjurations
 + Level 2.6 Hexes
 + Level 2.6 Summonings
 + Level 2.6 Necromancy
 + Level 2.6 Translocations
 + Level 2.6 Transmutations
 + Level 2.6 Fire Magic
 + Level 2.6 Ice Magic
 + Level 2.6 Air Magic
 + Level 2.6 Earth Magic
 + Level 2.6 Poison Magic
 + Level 3.5 Invocations
 + Level 3.2 Evocations


You had 9 spell levels left.
You knew the following spells:

 Your Spells              Type           Power      Damage    Failure   Level
a - Summon Small Mammal   Summ           48%        N/A       7%          1
b - Call Canine Familiar  Summ           12%        N/A       21%         3

Your spell library contained the following spells:

 Spells                   Type           Power      Damage    Failure   Level
 Pain                     Necr           48%        1d6       7%          1
 Summon Guardian Golem    Hex/Summ       12%        N/A       21%         3
 Passage of Golubria      Tloc           N/A        N/A       56%         4
 Petrify                  Tmut/Erth      12%        N/A       56%         4
 Agony                    Necr           12%        N/A       88%         5
 Excruciating Wounds      Necr           6%         N/A       88%         5
 Metabolic Englaciation   Hex/Ice        6%         N/A       88%         5
 Silence                  Hex/Air        6%         N/A       88%         5
 Statue Form              Tmut/Erth      8%         N/A       100%        6
 Lehudib's Crystal Spear  Conj/Erth      9%         10d4      100%        8


Dungeon Overview and Level Annotations

Branches:
Dungeon (6/15)
 Temple: D:4-7

Altars:
Elyvilon
Makhleb
Vehumet
Xom
Ignis


Innate Abilities, Weirdness & Mutations

You have very sharp teeth.
Your uncanny sense of smell can sniff out nearby items.
Your experience applies equally to all skills.


Message History

The puff of frost reflects off an invisible shield around you!
The puff of frost hits the white imp.
The white imp resists.
Unknown command.
You hit the white imp.
The white imp is lightly wounded.
A gnoll comes into view. It is wielding a +0 whip.
A gnoll sergeant comes into view. It is wielding a +0 spear.
The white imp closely misses you.
You completely miss the white imp.
The white imp is lightly wounded.
The white imp gestures at you. The puff of frost hits you.
Unknown command.
Unknown command.
The gnoll sergeant shouts!
You hit the white imp.
The white imp is heavily wounded.
You hear a shout!
A gnoll comes into view. It is wielding a +0 whip.
The white imp gestures at you. The puff of frost hits you!
You are too injured to fight recklessly!
Unknown command.
Unknown command.
An ice beast comes into view.
The gnoll throws a throwing net.
The throwing net hits you.
You become entangled in the net!
You see here a throwing net.
You struggle against the net.
The white imp hits you but does no damage.
You struggle against the net.
The white imp gestures at you. The puff of frost hits you.
The ice beast hits you. The ice beast freezes you!
* * * LOW HITPOINT WARNING * * *
You struggle against the net.
The white imp shouts, "Embrace thy dedition, thou fawning limp-willed serf!"
The white imp closely misses you. The ice beast hits you.
* * * LOW HITPOINT WARNING * * *
The ice beast freezes you.
You die...

...## ...#..#...# ######
.#..........#....)##
....##....##........
#.......###.......#
#..................
#.................#
#.....Y#..........#
##.<...@5..g........
#....[...$..gg..........
##.#...................
#.#........#.###.....##
#.##......##.# #.......
#. #.......#.# ...b...
#. #...#.....# #......
.. ....#####.#..#b.....
....# .......<#


You could see an ice beast, a gnoll sergeant, 2 gnolls and a white imp.

Vanquished Creatures
  A black bear (D:6)
  2 ogres
  2 necrophages
  A wyvern zombie (D:5)
  A water moccasin zombie (D:5)
  2 scorpions (D:5)
  A crimson imp (D:5)
  A centaur zombie (D:5)
  A hound (D:5)
  A bullfrog zombie (D:5)
  2 orc priests
  An orc wizard (D:3)
  A scorpion zombie (D:5)
  A hound zombie (D:5)
  2 hound skeletons (D:4)
  3 adders
  3 gnolls (D:5)
  An adder skeleton (D:4)
  A worm (D:1)
  5 dart slugs
  17 orcs
  7 ball pythons
  5 endoplasms
  2 giant cockroaches
  7 hobgoblins
  4 jackals
  5 kobolds
  5 quokkas
  2 bats
  13 frilled lizards
  6 goblins
  4 rats
110 creatures vanquished.

Vanquished Creatures (collateral kills)
  An iguana (D:4)
  A worm (D:2)
  An orc (D:5)
  A ball python (D:4)
4 creatures vanquished.

Vanquished Creatures (others)
  65 foxfires
  4 plants (D:3)
69 creatures vanquished.

Grand Total: 183 creatures vanquished

Notes
Turn   | Place    | Note
-------+----------+-------------------------------------------
     0 | D:5      | Reached skill level 9 in Stealth
     0 | D:5      | olmar the Gnoll Delver began the quest for the Orb.
     0 | D:5      | Reached XP level 1. HP: 23/23 MP: 1/1
   386 | D:1      | Reached XP level 2. HP: 29/29 MP: 2/2
   662 | D:1      | Learned a level 1 spell: Summon Small Mammal
   843 | D:1      | Found a faded altar of an unknown god.
   861 | D:1      | Reached XP level 3. HP: 31/35 MP: 3/3
   872 | D:1      | Became a worshipper of Ignis, the Dying Flame
  1532 | D:2      | Reached skill level 1 in Invocations
  1697 | D:2      | Reached skill level 1 in Short Blades
  1697 | D:2      | Reached skill level 1 in Long Blades
  1697 | D:2      | Reached skill level 1 in Axes
  1697 | D:2      | Reached skill level 1 in Polearms
  1697 | D:2      | Reached skill level 1 in Staves
  1697 | D:2      | Reached skill level 1 in Slings
  1697 | D:2      | Reached skill level 1 in Bows
  1697 | D:2      | Reached skill level 1 in Crossbows
  1697 | D:2      | Reached skill level 1 in Throwing
  1697 | D:2      | Reached skill level 1 in Armour
  1697 | D:2      | Reached skill level 1 in Shields
  1697 | D:2      | Reached skill level 1 in Unarmed Combat
  1697 | D:2      | Reached skill level 1 in Spellcasting
  1697 | D:2      | Reached skill level 1 in Evocations
  1717 | D:2      | Reached XP level 4. HP: 14/41 MP: 2/5
  2506 | D:3      | Reached skill level 1 in Conjurations
  2506 | D:3      | Reached skill level 1 in Hexes
  2506 | D:3      | Reached skill level 1 in Summonings
  2506 | D:3      | Reached skill level 1 in Necromancy
  2506 | D:3      | Reached skill level 1 in Translocations
  2506 | D:3      | Reached skill level 1 in Transmutations
  2506 | D:3      | Reached skill level 1 in Fire Magic
  2506 | D:3      | Reached skill level 1 in Ice Magic
  2506 | D:3      | Reached skill level 1 in Air Magic
  2506 | D:3      | Reached skill level 1 in Earth Magic
  2506 | D:3      | Reached skill level 1 in Poison Magic
  3078 | D:3      | Found a radiant altar of Vehumet.
  3149 | D:3      | Reached XP level 5. HP: 47/47 MP: 6/6
  3324 | D:4      | Noticed a necrophage
  3766 | D:4      | Killed a necrophage
  3767 | D:4      | Reached XP level 6. HP: 33/53 MP: 4/8
  4162 | D:4      | Reached skill level 5 in Maces & Flails
  4162 | D:4      | Reached skill level 5 in Dodging
  4279 | D:4      | Found a white marble altar of Elyvilon.
  5213 | D:5      | Identified the +2 helmet of Fabulous Lucidity {Slay+6}
  5401 | D:5      | Reached XP level 7. HP: 55/59 MP: 10/10
  5765 | D:4      | Learned a level 3 spell: Call Canine Familiar
  6517 | D:5      | Reached skill level 10 in Stealth
  6601 | D:5      | Reached XP level 8. HP: 67/67 MP: 12/12
  6652 | D:5      | Found a shimmering altar of Xom.
  6652 | D:5      | Found a burning altar of Makhleb.
  6750 | D:6      | Found a white marble altar of Elyvilon.
  6994 | D:6      | Slain by an ice beast

Illustrated notes

Levels and vault maps discovered:
D:1:      dpeg_arrival_round_a, layout_basic, basic_ecumenical_altar
D:2:      layout_rooms
D:3:      layout_loops_cross, lemuel_coloured_pillars_altar, minmay_lizard_king
D:4:      layout_basic, mainiacjoe_overflow_tiny_flanked
D:5:      layout_basic, grunt_temple_overflow_champion_of_chaos
D:6:      minmay_octagon_keep, layout_cave_pools, cheibrodos_worm_habitat,
          minmay_temple_entry_fiery, hangedman_feature_mirror, fountainhead

Skill      XL: |  1  2  3  4  5  6  7  8 |
---------------+-------------------------+-----
Stealth        | 10 | 10.1
Invocations    | 1 2 3 |  3.5
Short Blades   | 1 2 3 |  3.2
Long Blades    | 1 2 3 |  3.2
Axes           | 1 2 3 |  3.2
Polearms       | 1 2 3 |  3.2
Staves         | 1 2 3 |  3.2
Slings         | 1 2 3 |  3.2
Bows           | 1 2 3 |  3.2
Crossbows      | 1 2 3 |  3.2
Throwing       | 1 2 3 |  3.2
Armour         | 1 2 3 |  3.2
Shields        | 1 2 3 |  3.2
Unarmed Combat | 1 2 3 |  3.2
Spellcasting   | 1 2 3 |  3.2
Evocations     | 1 2 3 |  3.2
Conjurations   | 1 2 |  2.6
Hexes          | 1 2 |  2.6
Summonings     | 1 2 |  2.6
Necromancy     | 1 2 |  2.6
Translocations | 1 2 |  2.6
Transmutations | 1 2 |  2.6
Fire Magic     | 1 2 |  2.6
Ice Magic      | 1 2 |  2.6
Air Magic      | 1 2 |  2.6
Earth Magic    | 1 2 |  2.6
Poison Magic   | 1 2 |  2.6
Maces & Flails | 5 |  5.6
Dodging        | 5 |  5.6
Fighting       | 7 |  7.3

Action                   |  1- 3 |  4- 6 |  7- 9 || total
-------------------------+-------+-------+-------++-------
Melee: Mace              |   104 |   116 |       ||   220
       Bite              |     9 |    26 |     8 ||    43
       Punch             |     1 |     2 |       ||     3
       Staff             |       |   158 |    94 ||   252
 Cast: Summon Small Mamm |     3 |    20 |    11 ||    34
       Call Canine Famil |       |       |     1 ||     1
Invok: Foxfire Swarm     |       |     2 |     3 ||     5
Evoke: Wand              |       |       |     1 ||     1
  Use: Potion            |       |       |     2 ||     2
       Scroll            |       |       |     7 ||     7
 Stab: Sleeping          |     9 |     9 |     2 ||    20
       Distracted        |     1 |     2 |       ||     3
Armor: Leather armour    |    16 |    51 |    31 ||    98
Dodge: Dodged            |    62 |   178 |    57 ||   297
Block: Other             |       |    38 |    17 ||    55
       Reflection        |       |     1 |     1 ||     2

Table legend: (Time is in decaauts)
 A = Elapsed time spent in this place.
 B = Non-inter-level travel time spent in this place.
 C = Inter-level travel time spent in this place.
 D = Time resting spent in this place.
 E = Time spent auto-exploring this place.
 F = Levels seen in this place.
 G = Mean time per level.
                   A        B        C        D        E       F      G
               +--------+--------+--------+--------+--------+-----+--------+
         Total |   7039 |   6500 |    539 |   1379 |   3752 |   6 | 1173.2 |
       Dungeon |   7039 |   6500 |    539 |   1379 |   3752 |   6 | 1173.2 |
               +--------+--------+--------+--------+--------+-----+--------+

Top non-repeatable levels by time:
     D:5: 1839 daAuts
     D:4: 1526 daAuts
     D:3: 1442 daAuts
     D:1: 1386 daAuts
     D:2: 799 daAuts
     D:6: 47 daAuts
